3AA
VIRGINIA BEACH DEUCES @ DURHAM RAPIERS
09/04/2033
 
TOP OF THE 1ST
Virginia Beach Deuces batting - Pitching for Durham Rapiers : RHP Jack Buyse
Pitching: RHP Jack Buyse
Batting: RHB Luis Díaz 0-0: Called Strike
0-1: SINGLE (Line Drive, 9S)
Batting: RHB Stephen McManus 0-0: Ball
Luis Díaz steals 2nd base
1-0: Ground out 4-3 (Groundball, 4M)
Luis Díaz to third
Batting: RHB Paul Byrd 0-0: Swinging Strike
0-1: Ball
1-1: Called Strike
1-2: Foul Ball, location: 2F
1-2: Ball
2-2: Strikes out looking
Batting: LHB Jaime Aguilar 0-0: Ball
1-0: Swinging Strike
1-1: Called Strike
1-2: SINGLE (Groundball, 6D)
Luis Díaz scores
Batting: RHB Clarence Weber 0-0: Ball
1-0: Ball
2-0: Swinging Strike
2-1: Swinging Strike
2-2: Strikes out looking
Top of the 1st over - 1 run, 2 hits, 0 errors, 1 left on base; Virginia Beach 1 - Durham 0
BOTTOM OF THE 1ST
Durham Rapiers batting - Pitching for Virginia Beach Deuces : RHP Alonso Estrada
Pitching: RHP Alonso Estrada
Batting: SHB Fernando Rincón 0-0: Ball
1-0: Called Strike
1-1: Swinging Strike
1-2: Foul Ball, location: 2F
1-2: SINGLE (Line Drive, 7S)
Batting: RHB Milos Jaksch 0-0: Fielders Choice at 2nd, 1-6 (Groundball, 13)
Batting: LHB Steve Costillo 0-0: SINGLE (Groundball, 56D)
Milos Jaksch to second
Batting: RHB Mun-wah Law 0-0: Called Strike
0-1: Ball
1-1: Ball
2-1: DOUBLE (Flyball, 8RXD)
Milos Jaksch scores
Steve Costillo to third
Batting: LHB Dante Aristizabal 0-0: Foul Ball, location: 2F
0-1: Called Strike
0-2: Foul Ball, location: 2F
0-2: Strikes out swinging
Batting: RHB Qwuntrezz Knight 0-0: Ball
1-0: Called Strike
1-1: Called Strike
1-2: Strikes out swinging
Bottom of the 1st over - 1 run, 3 hits, 0 errors, 2 left on base; Virginia Beach 1 - Durham 1
TOP OF THE 2ND
Virginia Beach Deuces batting - Pitching for Durham Rapiers : RHP Jack Buyse
Batting: RHB Owen Cannon 0-0: Ball
1-0: SINGLE (Line Drive, 4MD)
Batting: SHB Iikka Karpinen 0-0: Foul Ball, location: 2F
0-1: Ball
Owen Cannon steals 2nd base
1-1: Fly out, F4 (Popup, 4)
Batting: RHB Richard Sonntag 0-0: Called Strike
0-1: Foul Ball, location: 2F
0-2: Strikes out looking
Batting: LHB Félix González 0-0: Ball
1-0: Swinging Strike
1-1: SINGLE (Flyball, 78M)
Owen Cannon to third
Runner from 3rd tries for Home, SAFE, throw made home
Batting: RHB Luis Díaz 0-0: Ball
1-0: Foul Ball, location: 2F
1-1: Swinging Strike
1-2: Foul Ball, location: 2F
1-2: 2-RUN HOME RUN (Flyball, 7LD), Distance : 364 ft
Batting: RHB Stephen McManus 0-0: Ball
1-0: Called Strike
1-1: Foul Ball, location: 2F
1-2: Ball
2-2: Foul Ball, location: 2F
2-2: Foul Ball, location: 2F
2-2: Foul Ball, location: 2F
2-2: Foul Ball, location: 2F
2-2: Foul Ball, location: 2F
2-2: Ground out 5-3 (Groundball, 56)
Top of the 2nd over - 3 runs, 3 hits, 0 errors, 0 left on base; Virginia Beach 4 - Durham 1
BOTTOM OF THE 2ND
Durham Rapiers batting - Pitching for Virginia Beach Deuces : RHP Alonso Estrada
Batting: RHB Mason Congdon 0-0: Called Strike
0-1: Ball
1-1: Ball
2-1: Swinging Strike
2-2: Ball
3-2: Foul Ball, location: 2F
3-2: Fly out, F8 (Flyball, 8RXD)
Batting: RHB Yoshi Kouda 0-0: Called Strike
0-1: Ball
1-1: Ground out 1-3 (Groundball, 15S)
Batting: SHB Cash Masters 0-0: Called Strike
0-1: Ball
1-1: Foul Ball, location: 2F
1-2: Fly out, F8 (Flyball, 8RS)
Bottom of the 2nd over - 0 runs, 0 hits, 0 errors, 0 left on base; Virginia Beach 4 - Durham 1
TOP OF THE 3RD
Virginia Beach Deuces batting - Pitching for Durham Rapiers : RHP Jack Buyse
Batting: RHB Paul Byrd 0-0: Ball
1-0: Foul Ball, location: 2F
1-1: Foul Ball, location: 2F
1-2: Fly out, F8 (Flyball, 78M)
Batting: LHB Jaime Aguilar 0-0: Swinging Strike
0-1: Called Strike
0-2: Ball
1-2: SOLO HOME RUN (Flyball, 9LD), Distance : 359 ft
Batting: RHB Clarence Weber 0-0: Ball
1-0: Ground out 3-1 (Groundball, 34S)
Batting: RHB Owen Cannon 0-0: Foul Ball, location: 2F
0-1: Foul Ball, location: 2F
0-2: Ground out 4-3 (Groundball, 34D)
Top of the 3rd over - 1 run, 1 hit, 0 errors, 0 left on base; Virginia Beach 5 - Durham 1
BOTTOM OF THE 3RD
Durham Rapiers batting - Pitching for Virginia Beach Deuces : RHP Alonso Estrada
Batting: SHB Fernando Rincón 0-0: Ball
1-0: Ball
2-0: Ball
3-0: Called Strike
3-1: Foul Ball, location: 2F
3-2: Base on Balls
Batting: RHB Milos Jaksch 0-0: Grounds into double play, 4-6-3 (Groundball, 34)
Batting: LHB Steve Costillo 0-0: Foul Ball, location: 2F
0-1: Foul Ball, location: 2F
0-2: Fly out, F5 (Flyball, 5D)
Bottom of the 3rd over - 0 runs, 0 hits, 0 errors, 0 left on base; Virginia Beach 5 - Durham 1
TOP OF THE 4TH
Virginia Beach Deuces batting - Pitching for Durham Rapiers : RHP Jack Buyse
Batting: SHB Iikka Karpinen 0-0: Ball
1-0: Foul Ball, location: 2F
1-1: Ball
2-1: Ball
3-1: Swinging Strike
3-2: Strikes out looking
Batting: RHB Richard Sonntag 0-0: Called Strike
0-1: Called Strike
0-2: Ground out 5-3 (Groundball, 5)
Batting: LHB Félix González 0-0: Swinging Strike
0-1: Ball
1-1: SINGLE (Flyball, 8RS)
Batting: RHB Luis Díaz 0-0: Ball
Throwing error on steal attempt, E2
Félix González to third
Balk!
Félix González scores
1-0: Foul Ball, location: 2F
1-1: Ball
2-1: Ground out 6-3 (Groundball, 6)
Top of the 4th over - 1 run, 1 hit, 1 error, 0 left on base; Virginia Beach 6 - Durham 1
BOTTOM OF THE 4TH
Durham Rapiers batting - Pitching for Virginia Beach Deuces : RHP Alonso Estrada
Now at 3B: Félix Vaca
Batting: RHB Mun-wah Law 0-0: Foul Ball, location: 2F
0-1: Ball
1-1: Fly out, F3 (Popup, 3S)
Batting: LHB Dante Aristizabal 0-0: Ball
1-0: Called Strike
1-1: Ball
2-1: Swinging Strike
2-2: Strikes out swinging
Batting: RHB Qwuntrezz Knight 0-0: Ball
1-0: Ball
2-0: Ball
3-0: Base on Balls
Batting: RHB Mason Congdon 0-0: SINGLE (Line Drive, 9S)
Qwuntrezz Knight to second
Batting: RHB Yoshi Kouda 0-0: Foul Ball, location: 2F
0-1: Ball
1-1: Called Strike
1-2: Strikes out looking
Bottom of the 4th over - 0 runs, 1 hit, 0 errors, 2 left on base; Virginia Beach 6 - Durham 1
TOP OF THE 5TH
Virginia Beach Deuces batting - Pitching for Durham Rapiers : RHP Jack Buyse
Batting: RHB Stephen McManus 0-0: Ball
1-0: Called Strike
1-1: Ball
2-1: Called Strike
2-2: Fly out, F8 (Flyball, 78S)
Batting: RHB Félix Vaca 0-0: Foul Ball, location: 2F
0-1: Ball
1-1: Foul Ball, location: 2F
1-2: Ball
2-2: Foul Ball, location: 2F
2-2: Foul Ball, location: 2F
2-2: Fly out, F7 (Line Drive, 78S)
Batting: LHB Jaime Aguilar 0-0: Ball
1-0: Ball
2-0: Called Strike
2-1: Fly out, F8 (Flyball, 78D)
Top of the 5th over - 0 runs, 0 hits, 0 errors, 0 left on base; Virginia Beach 6 - Durham 1
BOTTOM OF THE 5TH
Durham Rapiers batting - Pitching for Virginia Beach Deuces : RHP Alonso Estrada
Batting: SHB Cash Masters 0-0: Called Strike
0-1: Ball
1-1: Foul Ball, location: 2F
1-2: Foul Ball, location: 2F
1-2: Foul Ball, location: 2F
1-2: Ground out 6-3 (Groundball, 6)
Batting: SHB Fernando Rincón 0-0: Ground out 1-3 (Groundball, 15S)
Batting: RHB Milos Jaksch 0-0: Called Strike
0-1: Called Strike
0-2: Strikes out swinging
Bottom of the 5th over - 0 runs, 0 hits, 0 errors, 0 left on base; Virginia Beach 6 - Durham 1
TOP OF THE 6TH
Virginia Beach Deuces batting - Pitching for Durham Rapiers : RHP Jack Buyse
Pitching: RHP Travis Arai
Batting: RHB Clarence Weber 0-0: Ball
1-0: Called Strike
1-1: Fly out, F7 (Line Drive, 78D)
Batting: RHB Owen Cannon 0-0: Foul Ball, location: 2F
0-1: Ball
1-1: Ball
2-1: Ball
3-1: Base on Balls
Batting: SHB Iikka Karpinen 0-0: Ball
1-0: Fly out, F9 (Flyball, 89S)
Batting: RHB Richard Sonntag 0-0: Ball
1-0: Foul Ball, location: 2F
1-1: Ball
2-1: Foul Ball, location: 2F
2-2: Ball
3-2: SINGLE (Flyball, 56D)
Owen Cannon to second
Owen Cannon to third
Batting: LHB Félix González 0-0: Called Strike
0-1: Ball
1-1: Called Strike
1-2: Strikes out swinging
Top of the 6th over - 0 runs, 1 hit, 0 errors, 2 left on base; Virginia Beach 6 - Durham 1
BOTTOM OF THE 6TH
Durham Rapiers batting - Pitching for Virginia Beach Deuces : RHP Alonso Estrada
Batting: LHB Steve Costillo 0-0: Ball
1-0: Ground out 1-3 (Groundball, 13S)
Batting: RHB Mun-wah Law 0-0: Called Strike
0-1: Ball
1-1: Swinging Strike
1-2: SOLO HOME RUN (Flyball, 7D), Distance : 384 ft
Batting: LHB Dante Aristizabal 0-0: Foul Ball, location: 2F
0-1: Ball
1-1: SINGLE (Groundball, 4D)
Batting: RHB Qwuntrezz Knight 0-0: Ball
1-0: Ground out 5-3 (Groundball, 56S)
Dante Aristizabal to second
Batting: RHB Mason Congdon 0-0: Ball
1-0: Ball
2-0: Ball
3-0: Base on Balls
Batting: RHB Yoshi Kouda 0-0: Ball
1-0: DOUBLE (Line Drive, 8RXD)
Dante Aristizabal scores
Mason Congdon to third
Runner from 3rd tries for Home, SAFE, no throw
Batting: SHB Cash Masters 0-0: Ball
1-0: Swinging Strike
1-1: SINGLE (Line Drive, 6)
Yoshi Kouda to third
Runner from 3rd tries for Home, SAFE, throw made home
Batting: SHB Fernando Rincón 0-0: Ball
1-0: Ball
2-0: TRIPLE (Line Drive, 78XD)
Cash Masters scores
Pitching: RHP Ted Hendrickson
Batting: RHB Milos Jaksch 0-0: Ball
1-0: Called Strike
1-1: Ball
2-1: Ground out 6-3 (Groundball, 56)
Bottom of the 6th over - 5 runs, 5 hits, 0 errors, 1 left on base; Virginia Beach 6 - Durham 6
TOP OF THE 7TH
Virginia Beach Deuces batting - Pitching for Durham Rapiers : RHP Travis Arai
Batting: RHB Luis Díaz 0-0: Ball
1-0: Ball
2-0: Ball
3-0: Called Strike
3-1: Swinging Strike
3-2: Strikes out swinging
Batting: RHB Stephen McManus 0-0: Ball
1-0: Fly out, F8 (Flyball, 89M)
Pinch Hitting: SHB Leo Szilard 0-0: Ball
1-0: Called Strike
1-1: Foul Ball, location: 2F
1-2: Ball
2-2: SINGLE (Groundball, 3D)
Batting: LHB Jaime Aguilar 0-0: Swinging Strike
0-1: Foul Ball, location: 2F
0-2: Ball
1-2: Strikes out swinging
Top of the 7th over - 0 runs, 1 hit, 0 errors, 1 left on base; Virginia Beach 6 - Durham 6
BOTTOM OF THE 7TH
Durham Rapiers batting - Pitching for Virginia Beach Deuces : RHP Ted Hendrickson
Now at 3B: Leo Szilard
Batting: LHB Steve Costillo 0-0: Foul Ball, location: 2F
0-1: Ball
1-1: Ground out 4-3 (Groundball, 4)
Batting: RHB Mun-wah Law 0-0: SINGLE (Groundball, 34D)
Batting: LHB Dante Aristizabal 0-0: Foul Ball, location: 2F
0-1: Fly out, F8 (Flyball, 8RM)
Batting: RHB Qwuntrezz Knight 0-0: Called Strike
0-1: Ground out 1-3 (Groundball, P)
Bottom of the 7th over - 0 runs, 1 hit, 0 errors, 1 left on base; Virginia Beach 6 - Durham 6
TOP OF THE 8TH
Virginia Beach Deuces batting - Pitching for Durham Rapiers : RHP Travis Arai
Batting: RHB Clarence Weber 0-0: Foul Ball, location: 2F
0-1: Fly out, F9 (Line Drive, 9LM)
Batting: RHB Owen Cannon 0-0: Ball
1-0: Foul Ball, location: 2F
1-1: Swinging Strike
1-2: Foul Ball, location: 2F
1-2: Ball
2-2: Fly out, F8 (Flyball, 8RD)
Batting: SHB Iikka Karpinen 0-0: Fly out, F8 (Flyball, 8RS)
Top of the 8th over - 0 runs, 0 hits, 0 errors, 0 left on base; Virginia Beach 6 - Durham 6
BOTTOM OF THE 8TH
Durham Rapiers batting - Pitching for Virginia Beach Deuces : RHP Ted Hendrickson
Batting: RHB Mason Congdon 0-0: Ball
1-0: SINGLE (Groundball, 6D)
Batting: RHB Yoshi Kouda 0-0: Bunt missed!
0-1: Ball
1-1: Bunted foul
1-2: Fly out, F9 (Line Drive, 9)
Batting: SHB Cash Masters 0-0: Called Strike
0-1: Ball
1-1: Sac Bunt - play at first, batter OUT! 1-4
Mason Congdon to second
Batting: SHB Fernando Rincón 0-0: Ground out 1-3 (Groundball, 13S)
Bottom of the 8th over - 0 runs, 1 hit, 0 errors, 1 left on base; Virginia Beach 6 - Durham 6
TOP OF THE 9TH
Virginia Beach Deuces batting - Pitching for Durham Rapiers : RHP Travis Arai
Pitching: RHP Bob Kennedy
Batting: RHB Richard Sonntag 0-0: Called Strike
0-1: Ball
1-1: Ball
2-1: Called Strike
2-2: Ball
3-2: Strikes out swinging
Batting: LHB Félix González 0-0: Ball
1-0: Ball
2-0: Called Strike
2-1: Called Strike
2-2: Foul Ball, location: 2F
2-2: Foul Ball, location: 2F
2-2: SINGLE (Flyball, 78S)
Batting: RHB Luis Díaz 0-0: Ball
1-0: Fly out, F8 (Flyball, 89D)
Batting: RHB Stephen McManus 0-0: Ball
1-0: Ball
2-0: Foul Ball, location: 2F
2-1: Ball
3-1: Base on Balls
Félix González to second
Batting: SHB Leo Szilard 0-0: Called Strike
0-1: Called Strike
0-2: Strikes out looking
Top of the 9th over - 0 runs, 1 hit, 0 errors, 2 left on base; Virginia Beach 6 - Durham 6
BOTTOM OF THE 9TH
Durham Rapiers batting - Pitching for Virginia Beach Deuces : RHP Ted Hendrickson
Batting: RHB Milos Jaksch 0-0: Foul Ball, location: 2F
0-1: Ball
1-1: Ball
2-1: Ball
3-1: Ground out 4-3 (Groundball, 4)
Batting: LHB Steve Costillo 0-0: SINGLE (Groundball, 4MD)
Pinch Runner at 1st Salvador Esparza:
Batting: RHB Mun-wah Law 0-0: Ball
1-0: Foul Ball, location: 2F
1-1: Ball
2-1: Foul Ball, location: 2F
2-2: Ball
3-2: Foul Ball, location: 2F
3-2: DOUBLE (Flyball, 8RXD)
Salvador Esparza to third
Batting: LHB Dante Aristizabal 0-0: Intentional Walk
Batting: RHB Qwuntrezz Knight 0-0: Grounds into double play, 6-2-3 (Groundball, 6)
Bottom of the 9th over - 0 runs, 2 hits, 0 errors, 2 left on base; Virginia Beach 6 - Durham 6
TOP OF THE 10TH
Virginia Beach Deuces batting - Pitching for Durham Rapiers : RHP Bob Kennedy
Now at SS: Askari bin Idris
Batting: LHB Jaime Aguilar 0-0: Ball
1-0: Ball
2-0: Called Strike
2-1: Foul Ball, location: 2F
2-2: Strikes out looking
Pitching: LHP Valentyn Hochmiller
Batting: RHB Clarence Weber 0-0: Ball
1-0: Fly out, F8 (Flyball, 89M)
Batting: RHB Owen Cannon 0-0: Ball
1-0: Ball
2-0: Ball
3-0: Called Strike
3-1: Swinging Strike
3-2: Base on Balls
Batting: SHB Iikka Karpinen 0-0: Ball
Pickoff Throw to First - Error! E1
Owen Cannon to second
1-0: Ground out 6-3 (Groundball, 6)
Top of the 10th over - 0 runs, 0 hits, 1 error, 1 left on base; Virginia Beach 6 - Durham 6
BOTTOM OF THE 10TH
Durham Rapiers batting - Pitching for Virginia Beach Deuces : RHP Ted Hendrickson
Pitching: LHP Urs Ehles
Batting: RHB Mason Congdon 0-0: Fly out, F7 (Flyball, 7S)
Batting: RHB Yoshi Kouda 0-0: Called Strike
0-1: Ball
1-1: Ball
2-1: Ground out 6-3 (Groundball, 6)
Batting: SHB Cash Masters 0-0: Called Strike
0-1: DOUBLE (Line Drive, 9LM)
Batting: SHB Fernando Rincón 0-0: Called Strike
0-1: Ball
1-1: Ball
2-1: Fly out, F9 (Line Drive, 9D)
Bottom of the 10th over - 0 runs, 1 hit, 0 errors, 1 left on base; Virginia Beach 6 - Durham 6
TOP OF THE 11TH
Virginia Beach Deuces batting - Pitching for Durham Rapiers : LHP Valentyn Hochmiller
Batting: RHB Richard Sonntag 0-0: Ball
1-0: Fly out, F7 (Line Drive, 7LM)
Pinch Hitting: RHB Ray Covalt 0-0: Ball
1-0: Foul Ball, location: 2F
1-1: Foul Ball, location: 2F
1-2: Strikes out looking
Batting: RHB Luis Díaz 0-0: Ball
1-0: Ball
2-0: Ball
3-0: Called Strike
3-1: Base on Balls
Batting: RHB Stephen McManus 0-0: Called Strike
Luis Díaz steals 2nd base
0-1: Called Strike
0-2: Ball
1-2: Foul Ball, location: 2F
1-2: Ball
2-2: Foul Ball, location: 2F
2-2: 2-RUN HOME RUN (Flyball, 7D), Distance : 397 ft
Batting: SHB Leo Szilard 0-0: Ground out 1-3 (Groundball, 13)
Top of the 11th over - 2 runs, 1 hit, 0 errors, 0 left on base; Virginia Beach 8 - Durham 6
BOTTOM OF THE 11TH
Durham Rapiers batting - Pitching for Virginia Beach Deuces : LHP Urs Ehles
Now at 1B: Gerardo Espinoza
Batting: RHB Milos Jaksch 0-0: Ball
1-0: Ball
2-0: Called Strike
2-1: Ball
3-1: Foul Ball, location: 2F
3-2: Fly out, F8 (Flyball, 89XD)
Batting: RHB Askari bin Idris 0-0: Ball
1-0: Swinging Strike
1-1: Called Strike
1-2: Foul Ball, location: 2F
1-2: Ground out 6-3 (Groundball, 56D)
Batting: RHB Mun-wah Law 0-0: Reached on error, E4 (Groundball, 4)
Batting: LHB Dante Aristizabal 0-0: Ball
1-0: Called Strike
1-1: Ball
2-1: Ball
3-1: Base on Balls
Mun-wah Law to second
Batting: RHB Qwuntrezz Knight 0-0: Called Strike
0-1: Fielders Choice at 2nd, 6-4 (Groundball, 6)
Bottom of the 11th over - 0 runs, 0 hits, 1 error, 2 left on base; Virginia Beach 8 - Durham 6
Saturday, December 22nd, 2018 - OOTP Baseball 18.8 Build 76